Map: Caverne nascoste

Players

Rouse

  • Race: Zerg Zerg
  • League: Bronze

Iterator

  • Race: Terran Terran

Kusty

  • Race: Zerg Zerg

nagual

  • Race: Zerg Zerg

nasum - Winner!

  • Race: Zerg Zerg
  • League: Silver

Jhyrachy - Winner!

  • Race: Zerg Zerg
  • League: Gold

Slim - Winner!

  • Race: Zerg Zerg

Poupi - Winner!

  • Race: Zerg Zerg

VOD

Have the link to the VOD?

Description

Time

  • Played on: April 20, 2016, 1:07 p.m.
  • Length: 8:44
Show
View Real Time Build Order
Export as new Build Order

Rouse Zerg 

Build Orders: Pool First 

Get SALT Encoding   

  12  0:03  Drone  
  13  0:13  Overlord  
  13  0:23  Drone  
  14  0:44  Spawning Pool  
  14  0:47  Extractor, Drone x2  
  14  1:04  Drone x2  
  16  1:14  Drone  
  17  1:26  Hatchery  
  16  1:35  Overlord  
  16  1:36  Drone  
  17  1:46  Queen  
  19  1:52  Zergling x2  
  20  2:07  Roach Warren  
  19  2:13  Zergling x4  
  20  2:55  Roach x3  
  20  2:56  Roach x2  
  30  3:14  Drone  
  30  3:15  Drone x2  
  30  3:16  Queen  
  35  3:26  Lair  
  35  3:56  Overlord x3  
  35  4:27  Drone x4  
  35  4:29  Roach x2  
  35  4:30  Roach  
  45  4:38  Glial Reconstitution  
  45  4:51  Evolution Chamber  
  45  4:52  Evolution Chamber  
  32  5:37  Roach x6  
  44  5:43  Zerg Missile Weapons Level 1  
  44  5:44  Zerg Ground Armor Level 1  
  44  5:51  Extractor  
  44  5:52  Drone x4  
  47  6:42  Spire  
  46  6:55  Drone x3  
  46  6:57  Roach  
  46  6:58  Roach x3  
  57  7:05  Queen  
  59  7:30  Overlord x2  
  59  7:31  Overlord x4  
  59  8:07  Mutalisk x3  
  59  8:08  Mutalisk x3  
Show
View Real Time Build Order
Export as new Build Order

Iterator Terran 

Build Orders:  

Get SALT Encoding   

  12  0:01  SCV  
  13  0:13  SCV  
  14  0:19  Supply Depot  
  14  0:25  SCV  
  15  0:40  SCV  
  16  0:43  Barracks  
  16  0:53  SCV  
  16  0:56  Barracks  
  17  1:05  SCV  
  17  1:10  Barracks  
  18  1:17  SCV  
  19  1:37  Barracks  
  19  1:38  Marine  
  20  1:46  Refinery  
  20  1:47  SCV  
  20  1:50  Marine  
  22  2:05  Supply Depot  
  22  2:06  Marine  
  23  2:25  Marine x2  
  23  2:26  Marine x2  
  24  2:31  Supply Depot  
  24  2:43  Marine x2  
  24  2:44  Marine x2  
  22  3:05  Marine x4  
  24  3:12  SCV  
  27  3:24  SCV  
  28  3:27  Engineering Bay  
  28  3:36  SCV  
  29  3:43  Marine x2  
  29  3:44  Marine x2  
  33  4:01  Marine x3  
  33  4:02  Marine  
  25  4:19  Marine x4  
  29  4:27  Supply Depot  
  29  4:29  SCV  
  30  4:37  Marine  
  31  4:39  Terran Infantry Weapons Level 1  
  31  4:41  Barracks Tech Lab, SCV  
  31  4:44  Marine  
  33  4:47  Marine  
Show
View Real Time Build Order
Export as new Build Order

Kusty Zerg 

Build Orders: Pool First 

Get SALT Encoding   

  12  0:05  Drone  
  13  0:09  Drone  
  14  0:17  Overlord  
  14  0:38  Spawning Pool  
  14  0:40  Drone  
  14  0:52  Extractor  
  14  0:54  Drone x2  
  14  0:55  Drone  
  16  1:06  Drone  
  17  1:18  Drone  
  18  1:29  Drone  
  19  1:34  Extractor  
  19  1:38  Drone  
  19  1:48  Drone  
  20  2:07  Zergling x2  
  21  2:09  Metabolic Boost  
  21  2:16  Drone  
  21  2:19  Hatchery  
  21  2:21  Drone  
  21  2:39  Overlord  
  21  2:56  Overlord  
  21  2:57  Queen  
  23  3:02  Drone  
  24  3:07  Zergling x2  
  25  3:15  Zergling x2  
  26  3:25  Zergling x2  
  27  3:36  Zergling x2  
  28  3:51  Zergling x2  
  27  4:06  Zergling x2  
  27  4:12  Zergling x2  
  28  4:25  Zergling x2  
  28  4:29  Queen  
  32  4:31  Zergling x2  
  32  4:40  Lair  
  32  4:47  Evolution Chamber  
  32  4:48  Zergling x2, Evolution Chamber  
  32  4:49  Evolution Chamber  
  30  4:54  Zergling x6  
  33  5:03  Zergling x2  
  34  5:20  Zergling x4  
  35  5:34  Zergling x2  
  33  5:49  Zerg Melee Weapons Level 1  
Show
View Real Time Build Order
Export as new Build Order

nagual Zerg 

Build Orders: Hatch First 

Get SALT Encoding   

  12  0:54  Drone  
  12  0:55  Drone  
  12  0:56  Overlord  
  14  1:00  Extractor  
  13  1:05  Hatchery  
  12  1:11  Spawning Pool  
  12  1:18  Drone  
  12  1:28  Drone x2  
  14  1:43  Drone  
  15  1:58  Zergling x2  
  15  1:59  Evolution Chamber  
  15  2:01  Zergling x2  
  16  2:08  Queen  
  18  2:16  Zergling x2  
  19  2:33  Zergling x8  
  21  3:10  Drone x2  
  21  3:11  Drone x4  
  20  3:54  Extractor  
  19  3:58  Lair  
  16  4:04  Drone  
  16  4:05  Drone x5  
  22  4:34  Overlord x2  
  22  5:04  Hatchery  
  21  5:12  Spine Crawler  
  21  5:13  Spine Crawler  
  19  5:15  Spine Crawler  
  19  5:20  Spine Crawler  
  17  5:22  Spine Crawler  
Show
View Real Time Build Order
Export as new Build Order

nasum Zerg - Winner!

Build Orders: Pool First 

Get SALT Encoding   

  12  0:04  Drone  
  13  0:15  Drone  
  14  0:24  Overlord  
  14  0:42  Spawning Pool, Drone  
  14  0:47  Extractor  
  14  0:48  Drone  
  14  0:49  Drone  
  15  0:57  Drone  
  16  1:04  Drone  
  17  1:27  Drone x2  
  19  1:33  Hatchery  
  19  1:36  Drone  
  19  1:47  Queen  
  19  1:48  Zergling x2  
  22  2:00  Overlord  
  22  2:11  Overlord  
  22  2:19  Zergling x2  
  22  2:22  Queen  
  25  2:30  Zergling x2  
  26  2:37  Metabolic Boost  
  26  2:40  Zergling x2  
  27  2:45  Queen  
  27  2:46  Zergling x2  
  30  2:52  Zergling x2  
  30  2:55  Zergling x4  
  30  2:56  Zergling x2  
  34  3:12  Zergling x6  
  37  3:25  Zergling x2  
  37  3:26  Zergling x4  
  40  3:48  Zergling x2  
  40  3:49  Zergling x8  
  41  4:11  Zergling x6  
  41  4:15  Overlord  
  41  4:16  Overlord x2  
  44  4:34  Zergling x12  
  50  4:41  Lair  
  43  6:02  Zergling x2  
  43  6:03  Zergling x14  
  43  6:41  Drone  
  43  6:42  Drone x11  
  55  7:09  Roach Warren  
  55  7:10  Evolution Chamber  
  55  7:11  Extractor  
  52  7:30  Evolution Chamber  
  52  7:36  Drone x3  
  54  7:39  Drone x6  
  54  7:40  Drone x2  
  62  7:51  Drone x2  
  61  8:23  Extractor  
  61  8:26  Extractor  
  57  8:27  Drone x3  
  57  8:30  Drone x3  
Show
View Real Time Build Order
Export as new Build Order

Jhyrachy Zerg - Winner!

Build Orders: Pool First 

Get SALT Encoding   

  12  0:02  Drone  
  13  0:12  Drone  
  14  0:18  Extractor, Drone  
  14  0:22  Extractor  
  14  0:23  Drone  
  15  0:39  Spawning Pool  
  14  0:47  Overlord  
  14  1:07  Drone  
  15  1:12  Drone  
  15  1:14  Overlord  
  16  1:26  Metabolic Boost  
  16  1:28  Queen  
  18  1:34  Zergling x2  
  19  1:40  Zergling x2  
  19  1:43  Zergling x2  
  21  1:54  Zergling x2  
  22  2:04  Zergling x2  
  23  2:15  Overlord  
  23  2:26  Zergling x2  
  24  2:38  Zergling x4  
  24  2:39  Zergling x4  
  24  2:52  Hatchery  
  23  3:36  Zergling x10  
  23  3:40  Queen  
  30  3:43  Zergling x4  
  30  3:44  Zergling x2  
  29  4:23  Drone  
  30  4:24  Drone x6  
  36  4:33  Overlord  
  36  4:51  Queen  
  34  5:15  Zergling x2  
  34  5:16  Zergling x16  
  43  5:38  Hatchery  
  42  6:00  Queen  
  42  6:01  Evolution Chamber  
  40  6:07  Zergling x18  
  40  6:08  Zergling x4  
  41  6:26  Zergling x4  
  41  6:27  Zergling x2, Overlord x2  
  44  7:00  Drone x5  
  44  7:01  Drone x3  
  52  7:03  Drone x2  
  52  7:05  Drone x2  
  56  7:42  Overlord x2  
  56  7:43  Overlord x2  
  55  7:45  Zergling x16  
  63  7:54  Overlord  
  59  8:18  Zergling x10  
  59  8:19  Zergling x22  
Show
View Real Time Build Order
Export as new Build Order

Slim Zerg - Winner!

Build Orders: Pool First 

Get SALT Encoding   

  12  0:20  Spawning Pool  
  11  0:27  Overlord  
  11  0:36  Overlord  
  11  0:47  Overlord  
  11  1:07  Zergling x6  
  14  1:19  Zergling x2  
  14  1:21  Queen  
  17  1:30  Zergling x2  
  18  1:44  Zergling x2  
  19  1:51  Zergling x2  
  20  2:04  Zergling x2  
  21  2:13  Zergling x2  
  19  2:39  Zergling x8  
  19  3:18  Zergling x8  
  19  3:19  Zergling x4  
  25  3:32  Zergling x2  
  26  3:48  Zergling x8  
  26  4:24  Zergling x2  
  26  4:25  Zergling x10  
  32  4:31  Extractor  
  31  4:47  Drone  
  31  4:49  Drone  
  33  5:00  Zergling x6  
  17  5:37  Zergling x2  
  17  5:38  Zergling x8  
  17  5:41  Metabolic Boost  
  22  6:00  Hatchery  
  22  6:01  Queen  
  21  6:35  Zergling x4  
  21  6:36  Zergling x6  
  26  6:58  Zergling x2  
  26  6:59  Zergling x2  
  28  7:07  Lair  
  28  7:21  Zergling x10  
  33  7:25  Zergling x4  
  35  7:42  Zergling x2  
  36  7:45  Zergling x4  
  36  7:47  Zergling x4  
  36  7:48  Zergling x2  
  41  7:52  Zergling x2  
  41  7:55  Zergling x2  
  43  8:00  Drone  
  43  8:02  Overlord x3  
Show
View Real Time Build Order
Export as new Build Order

Poupi Zerg - Winner!

Build Orders: Pool First 

Get SALT Encoding   

  12  0:04  Drone  
  13  0:10  Drone  
  14  0:25  Overlord  
  14  0:45  Spawning Pool  
  13  0:51  Drone  
  13  0:52  Drone x2  
  16  1:03  Overlord  
  16  1:23  Drone  
  17  1:31  Drone  
  18  1:35  Extractor, Drone  
  18  1:59  Overlord  
  18  2:12  Queen  
  20  2:22  Hatchery  
  19  2:23  Drone  
  19  2:24  Drone x2  
  22  2:48  Overlord  
  22  2:59  Queen  
  22  3:00  Roach Warren  
  23  3:26  Extractor, Drone  
  23  3:27  Drone x5  
  28  3:43  Drone  
  28  3:48  Lair  
  29  3:49  Roach x2  
  29  3:52  Roach  
  29  3:53  Roach x2  
  39  3:58  Drone x2  
  41  4:07  Roach  
  43  4:15  Drone  
  44  4:18  Extractor x2  
  44  4:19  Roach  
  44  4:26  Drone  
  45  4:32  Drone  
  45  4:36  Drone x3  
  49  4:44  Drone x3  
  52  4:58  Overlord x3  
  42  5:46  Drone x4  
  42  5:47  Drone x2  
  48  5:56  Spire  
  43  6:15  Hatchery  
  42  6:31  Overlord x4  
  42  6:39  Drone x2  
  44  6:41  Drone x3  
  44  6:42  Drone x6  
  44  6:43  Extractor, Drone x3  
  55  6:47  Extractor  
  54  7:00  Queen  
  56  7:12  Mutalisk x2  
  56  7:13  Mutalisk x3  
  56  7:15  Mutalisk x5  
  66  7:16  Mutalisk x2  
  80  7:28  Mutalisk  
  82  7:34  Drone  
  83  7:44  Mutalisk x2  
  83  7:45  Mutalisk  
  83  7:47  Mutalisk x4  
  97  8:04  Mutalisk x2  
Tags
 
Add a new tag
Caveats
  • Supply blocks, unpowered buildings, or Contaminate may cause inaccurate times.
  • Supply counts are checked every 10 seconds.